 Dungeon Crawl Stone Soup version 0.31-a0-978-g1e143483b6 (webtiles) character file.

Game seed: 15191302129218519196

781 Arzdou the Changeling (level 7, -3/46 HPs)
             Began as an Octopode Shapeshifter on Oct 30, 2023.
             Was an Initiate of Cheibriados.
             Slain by a centaur (7 damage)
             ... on level 6 of the Dungeon.
             The game lasted 00:07:34 (4811 turns).

Arzdou the Changeling (Octopode Shapeshifter)       Turns: 4811, Time: 00:07:35

Health: -3/46      AC:  1    Str: 16    XL:     7   Next: 85%
Magic:  7/7        EV: 13    Int: 13    God:    Cheibriados [......]
Gold:   248        SH:  0    Dex: 13    Spells: 6/6 levels left

rFire   . .          .
                       - Unarmed
rCold   . . .        (no shield)
rNeg    . . .        (helmet currently unavailable)
rPois   .            (no amulet)
rElec   .            l - ring of wizardry
rCorr   .            (no ring)
SInv    .            (no ring)
Will    .....        (no ring)
Stlth   ++           (no ring)
HPRegen 0.27/turn    (no ring)
MPRegen 0.10/turn    (no ring)
                     (no ring)

%: wizardry (x1)
@: beast-form, very slow
A: beast (slay +4), almost no armour, amphibious, 8 rings, camouflage 1,
gelatinous body 1, (nimble swimmer 1), tentacles
a: Begin Untransformation, Renounce Religion


You were on level 6 of the Dungeon.
You worshipped Cheibriados.
Cheibriados was noncommittal.
You were a hulking beast.
You visited 2 branches of the dungeon, and saw 7 of its levels.
You also visited: Sewer.

You collected 248 gold pieces.

Inventory:

Missiles
 k - a throwing net
Jewellery
 l - a ring of wizardry (left tentacle)
Talismans
 b - a beast talisman
 c - a flux talisman
Scrolls
 e - a scroll of enchant armour
 f - a scroll of amnesia
 g - 3 scrolls of fog
 h - 2 scrolls of poison
 i - 2 scrolls of fear
 n - a scroll of torment
 s - a scroll of noise {unknown}
 t - a scroll of identify
 u - a scroll of brand weapon {unknown}
Potions
 a - 2 potions of heal wounds {unknown}
 d - a potion of curing
 j - 4 potions of invisibility {unknown}
 m - a potion of attraction {unknown}
 o - a potion of ambrosia {unknown}
 p - 3 potions of mutation {unknown}
 q - 2 potions of haste {unknown}
 r - a potion of cancellation {unknown}


   Skills:
 + Level 3.5 Fighting
 - Level 2.0 Dodging
 + Level 4.5 Unarmed Combat
 - Level 7.0 Shapeshifting


You had 6 spell levels left.
You didn't know any spells.
Your spell library contained the following spells:

 Spells                   Type           Power      Damage    Failure   Level
 Necrotise                Necr           0%         1d4       12%         1
 Ensorcelled Hibernation  Hex/Ice        0%         N/A       19%         2
 Passwall                 Tmut/Erth      0%         N/A       19%         2
 Hailstorm                Conj/Ice       0%         3d3       34%         3
 Swiftness                Air            0%         N/A       34%         3
 Vampiric Draining        Necr           0%         2d6       34%         3
 Cause Fear               Hex            0%         N/A       73%         4
 Summon Ice Beast         Ice/Summ       0%         N/A       73%         4
 Agony                    Necr           0%         N/A       96%         5
 Fireball                 Conj/Fire      0%         3d3       96%         5
 Simulacrum               Ice/Necr       0%         N/A       100%        6
 Dragon's Call            Summ           0%         N/A       100%        9


Dungeon Overview and Level Annotations

Branches:
Dungeon (6/15)             Temple (1/1) D:5           Sewer (visited)

Altars:
Ashenzari
Cheibriados
Dithmenos
Elyvilon
Fedhas
Gozag
Hepliaklqana
Kikubaaqudgha
Makhleb
Nemelex Xobeh
Okawaru
Qazlal
Ru
Sif Muna
Trog
Uskayaw
Vehumet
Wu Jian
Xom
Yredelemnul
Zin
The Shining One

Annotations:
D:5 Grinder


Innate Abilities, Weirdness & Mutations

You are a hulking beast.
Your limbs bulge with bestial killing power. (Slay +4)
You cannot wear most types of armour.
You are amphibious.
You can wear up to eight rings at the same time.
Your skin changes colour to match your surroundings (Stealth+).
Your rubbery body absorbs attacks. (AC +1, EV +1)
((You are camouflaged when in or above water. (Stealth+)))
You have tentacles for arms and can constrict up to eight enemies at once.


Message History

The ogre barely misses you.
You bludgeon the ogre! You squeeze the ogre!
You kill the ogre!
Cheibriados appreciates the change of pace.
The centaur shoots an arrow.
The arrow hits you!
The centaur shoots an arrow.
The arrow closely misses you.
The centaur unwields a +0 orcbow.
The centaur hits you. The centaur kicks you.
You see here a +0 giant club.
You tentacle-slap the centaur. You squeeze the centaur.
The centaur is moderately wounded.
The centaur hits you.
* * * LOW HITPOINT WARNING * * *
The centaur kicks you.
* * * LOW HITPOINT WARNING * * *
The centaur barely misses you. x2
You tentacle-slap the centaur.
The centaur is heavily wounded.
The centaur barely misses you. The centaur misses you.
You tentacle-slap the centaur.
The centaur is heavily wounded.
The centaur hits you.
* * * LOW HITPOINT WARNING * * *
The centaur closely misses you.
You barely miss the centaur.
The centaur is heavily wounded.
The centaur barely misses you. The centaur closely misses you.
The centaur hits you.
* * * LOW HITPOINT WARNING * * *
The centaur barely misses you.
You tentacle-slap the centaur.
Your tentacle-slap misses the centaur.
The centaur is almost dead.
The centaur hits you but does no damage.
The centaur kicks you.
* * * LOW HITPOINT WARNING * * *
You feel better. The centaur hits you.
* * * LOW HITPOINT WARNING * * *
The centaur kicks you.
* * * LOW HITPOINT WARNING * * *
The centaur hits you!
You die...

#+ ............. . #. .....
#....... .. .. ..... #......
... #. #..... #...... .... #.
#... .. #......
.....#?#####.##.# #......
................# ####.#.
......$...c.....# ####
.....O.###h#.#### ....... #.#.#
####
.......###.#.###########...
..................[>...#...
#.....##.#.#...........'...
#.....+................#...
#.....##.#.####.###.##.####
...#..#.###.#.####.###.##.####
....#..#.....#.................


You could see a centaur.

Vanquished Creatures
  An ogre (D:6)
  A kobold brigand (Sewer)
  4 scorpions
  2 hounds (D:6)
  2 jellies (D:5)
  Jessica (D:2)
  Natasha (thrice) (D:2)
  3 adders
  2 river rats (D:5)
  2 ufetubi (D:3)
  A worm (D:2)
  2 orcs
  10 endoplasms
  9 giant cockroaches
  6 goblins
  8 hobgoblins
  7 jackals
  5 quokkas
  9 ball pythons
  8 bats
  5 frilled lizards
  18 kobolds
  12 rats
121 creatures vanquished.

Notes
Turn   | Place    | Note
-------+----------+-------------------------------------------
     0 | D:1      | Arzdou the Octopode Shapeshifter began the quest for the
                  | Orb.
     0 | D:1      | Reached XP level 1. HP: 13/13 MP: 1/1
   197 | D:1      | Reached XP level 2. HP: 18/18 MP: 2/2
   586 | D:1      | Reached XP level 3. HP: 23/23 MP: 3/3
   589 | D:1      | Reached skill level 4 in Shapeshifting
   962 | D:2      | Found a faded altar of an unknown god.
  1124 | D:2      | Noticed Jessica
  1128 | D:2      | Killed Jessica
  1129 | D:2      | Reached XP level 4. HP: 25/28 MP: 4/4
  1542 | D:2      | Noticed Natasha
  1549 | D:2      | Killed Natasha
  1550 | D:2      | Reached skill level 5 in Shapeshifting
  1566 | D:2      | Found a sacrificial altar of Ru.
  1628 | D:2      | Reached XP level 5. HP: 31/33 MP: 5/5
  1734 | D:2      | Noticed Natasha
  1745 | D:2      | Killed Natasha
  1815 | D:2      | Noticed Natasha
  1821 | D:2      | Killed Natasha
  2288 | D:3      | Reached skill level 6 in Shapeshifting
  2532 | D:3      | Found a hide-covered altar of Uskayaw.
  2532 | D:3      | Found a bloodstained altar of Trog.
  3116 | D:4      | Reached XP level 6. HP: 34/38 MP: 6/6
  3222 | D:4      | You fall into a shaft and drop 2 floors!
  3240 | D:5      | Entered Level 5 of the Dungeon
  3281 | D:5      | HP: 1/38 [acid (2)]
  3602 | D:5      | Found a glowing drain.
  3611 | Sewer    | Entered a sewer
  3875 | Sewer    | Reached skill level 7 in Shapeshifting
  3875 | Sewer    | Reached XP level 7. HP: 20/43 MP: 7/7
  4168 | D:5      | Noticed Grinder
  4423 | D:5      | Found a staircase to the Ecumenical Temple.
  4432 | Temple   | Entered the Ecumenical Temple
  4458 | Temple   | Became a worshipper of Cheibriados the Contemplative
  4810 | D:6      | HP: 2/46 [centaur (2)]
  4811 | D:6      | Slain by a centaur

Illustrated notes

Levels and vault maps discovered:
D:1:      saegor_arrival_simple_e, layout_loops_corners
D:2:      layout_basic, basic_altar, chequers_ecumenical_altar_simple,
          uniq_jessica, uniq_natasha
D:3:      layout_rooms, nicolae_overflow_two_pavilions, serial_bayou,
          serial_bayou_crossing, serial_bayou_pond_b, serial_bayou_pond_e,
          serial_bayou_lagoon_a
D:4:      layout_basic, minmay_fractal_squares_5
D:5:      layout_cave_pools, minmay_temple_entry_antechambers,
          gup_sewer_entry_bubbles, uniq_grinder
D:6:      lemuel_insect_pit, layout_basic
Temple:   mainiacjoe_temple_cubbyholes

Skill      XL: |  1  2  3  4  5  6  7 |
---------------+----------------------+-----
Shapeshifting  | 4 5 6 7 |  7.0
Fighting       | 3 |  3.5
Unarmed Combat | 4 |  4.5
Dodging        | |  2.0

Action                     |  1- 3 |  4- 6 |  7- 9 || total
---------------------------+-------+-------+-------++-------
  Melee: Unarmed           |    75 |   136 |    30 ||   241
         Constrict         |    20 |    33 |     7 ||    60
         Tentacles         |    16 |    24 |     7 ||    47
         Punch             |     1 |     4 |       ||     5
    Use: Scroll            |       |     4 |     2 ||     6
         Potion            |       |     2 |     1 ||     3
   Stab: Sleeping          |     9 |     9 |     3 ||    21
 Armour: Skin              |    29 |    56 |    24 ||   109
  Dodge: Dodged            |    33 |    80 |    29 ||   142

Table legend: (Time is in decaauts)
 A = Elapsed time spent in this place.
 B = Non-inter-level travel time spent in this place.
 C = Inter-level travel time spent in this place.
 D = Time resting spent in this place.
 E = Time spent auto-exploring this place.
 F = Levels seen in this place.
 G = Mean time per level.
                   A        B        C        D        E       F      G
               +--------+--------+--------+--------+--------+-----+--------+
         Total |   4879 |   4640 |    239 |    589 |   3139 |   8 |  609.9 |
       Dungeon |   4356 |   4164 |    192 |    485 |   2904 |   6 |  726.0 |
        Temple |     56 |      9 |     47 |      0 |      0 |   1 |   56.0 |
         Sewer |    465 |    465 |      0 |    104 |    235 |   1 |  465.0 |
               +--------+--------+--------+--------+--------+-----+--------+

Top non-repeatable levels by time:
     D:1: 949 daAuts
     D:2: 871 daAuts
     D:3: 818 daAuts
     D:4: 705 daAuts
     D:5: 612 daAuts
   Sewer: 465 daAuts
     D:6: 399 daAuts
  Temple: 56 daAuts
